 Dungeon Crawl Stone Soup version 0.25.1-2-g60ff931df9 (webtiles) character file.

Game seed: 16529499955366764124

185 gruber the Insei (level 5, -4/37 HPs)
             Began as a Demonspawn Transmuter on Oct 22, 2020.
             Slain by Sigmund
             ... wielding a +0 scythe
              (11 damage)
             ... on level 3 of the Dungeon.
             The game lasted 00:03:02 (3237 turns).

gruber the Insei (Demonspawn Transmuter)            Turns: 3237, Time: 00:03:02

Health: -4/37      AC:  4    Str: 10    XL:     5   Next: 37%
Magic:  2/8        EV: 12    Int: 15    God:
Gold:   145        SH:  0    Dex: 14    Spells: 2/8 levels left

rFire    . . .     SeeInvis .     - Unarmed
rCold    . . .     Gourm    .   (no shield)
rNeg     . . .     Faith    .   b - +0 robe
rPois    .         Spirit   .   (helmet restricted)
rElec    .         Reflect  .   (no cloak)
rCorr    .         Harm     .   (no gloves)
MR       .....                  (boots currently unavailable)
Stlth    +.........             (no amulet)
HPRegen  0.12/turn              (no ring)
MPRegen  0.11/turn              (no ring)

@: confused, appendage (expiring), very slightly contaminated
A: horns 1, talons 3, yellow scales 1, rot immunity
a: End Transformation


You were on level 3 of the Dungeon.
You were not hungry.
You had grown temporary talons.
You visited 1 branch of the dungeon, and saw 3 of its levels.

You collected 145 gold pieces.

Inventory:

Missiles
 a - 9 arrows
 s - 4 javelins (quivered)
Armour
 b - a +0 robe (worn)
Scrolls
 c - a scroll of remove curse {unknown}
 e - 3 scrolls of identify {unknown}
 i - a scroll of fear {unknown}
 j - 3 scrolls of noise {unknown}
 k - 3 scrolls of teleportation {unknown}
 m - a scroll of immolation {unknown}
 o - a scroll of enchant armour {unknown}
Potions
 g - a potion of flight {unknown}
 h - a potion of berserk rage {unknown}
 l - 2 potions of magic {unknown}
 n - a potion of stabbing {unknown}
 p - a potion of cancellation {unknown}
 q - a potion of curing {unknown}
 r - 2 potions of lignification {unknown}
Comestibles
 d - 7 rations
 f - 11 chunks of flesh


   Skills:
 - Level 1.0 Fighting
 - Level 1.7 Dodging
 + Level 5.6 Unarmed Combat
 - Level 2.0 Spellcasting
 - Level 1.7 Transmutations


You had 2 spell levels left.
You knew the following spells:

 Your Spells              Type           Power        Failure   Level  Hunger
a - Beastly Appendage     Tmut           #.....       11%         1    #......
b - Sticks to Snakes      Tmut           #.......     16%         2    ###....
c - Spider Form           Tmut/Pois      #.........   43%         3    ###....

Your spell library contained the following spells:

 Spells                   Type           Power        Failure   Level  Hunger
 Ice Form                 Ice/Tmut       #.......     83%         4    #####..
 Blade Hands              Tmut           #.........   96%         5    ######.


Dungeon Overview and Level Annotations

Branches:
Dungeon (3/15)

Altars:
Nemelex Xobeh
Xom

Annotations:
D:3 Sigmund


Innate Abilities, Weirdness & Mutations

You have a pair of small horns on your head.
You are partially covered in yellow scales. (AC +2)
You are immune to rotting.
You have claws for feet.


Message History

You throw a javelin. The javelin pierces through Jessica.
You kill Jessica!
Something hits you.
* * * LOW HITPOINT WARNING * * *
Unknown command.
Unknown command.
You barely miss something. Your kick misses something. You headbutt something.
You hear some strange, mumbled words.
You are confused.
Are you sure you want to stumble around while confused and next to your ball python? [Y]es or [N]o only, please.
Are you sure you want to stumble around while confused and next to your ball python? [Y]es or [N]o only, please.
Are you sure you want to stumble around while confused and next to your ball python?
You miss something.
Are you sure you want to stumble around while confused and next to your ball python? [Y]es or [N]o only, please.
Are you sure you want to stumble around while confused and next to your ball python?
You closely miss something. Your kick misses something. Something hits you!
You die...

#.#.####.##......###.#.
#.#.# #....[..#.# #.#.
#.#)# ###.#####.# #.#.
#.#.######### #.# #.#.
#.#......##_## #.# #.#.
#.########.#.###.# #.#.
#..# ####...#.##.# #.#.
##.# #S.#.#...#..# ##
#.# #@##..#.## #.#
#{###..## #.#
#.##.#..## #.#
#.##..#..# #.#
#.##...#.# #.#
#[####..## #.# #.# #.##
#.# #(# ##.# #.# #.#
#..#


You could see a friendly ball python.

Vanquished Creatures
  Jessica (D:3)
  An orc wizard (D:3)
  Natasha (D:2)
  4 adders (D:2)
  2 dart slugs
  A leopard gecko (D:1)
  3 orcs (D:3)
  3 giant cockroaches
  10 goblins
  6 hobgoblins
  3 jackals (D:2)
  6 kobolds
  2 quokkas
  2 ball pythons
  8 bats
  6 frilled lizards
  7 rats
66 creatures vanquished.

Notes
Turn   | Place    | Note
-------+----------+-------------------------------------------
     0 | D:1      | gruber the Demonspawn Transmuter began the quest for the
                  | Orb.
     0 | D:1      | Reached XP level 1. HP: 15/15 MP: 3/3
    76 | D:1      | Reached skill level 3 in Unarmed Combat
   415 | D:1      | Gained mutation: You are partially covered in yellow
                  | scales. (AC +2) [demonic ancestry]
   415 | D:1      | Reached XP level 2. HP: 10/21 MP: 0/5
   779 | D:1      | Learned a level 2 spell: Sticks to Snakes
  1215 | D:1      | Gained mutation: You have a pair of small horns on your
                  | head. [demonic ancestry]
  1215 | D:1      | Reached XP level 3. HP: 14/26 MP: 6/6
  1598 | D:2      | Learned a level 3 spell: Spider Form
  1684 | D:2      | Found a sparkling altar of Nemelex Xobeh.
  1688 | D:2      | Noticed Natasha
  1696 | D:2      | Reached skill level 4 in Unarmed Combat
  1703 | D:2      | Killed Natasha
  1777 | D:2      | Reached XP level 4. HP: 22/32 MP: 3/7
  2538 | D:2      | Reached skill level 5 in Unarmed Combat
  3083 | D:3      | Gained mutation: You are immune to rotting. [demonic
                  | ancestry]
  3083 | D:3      | Reached XP level 5. HP: 35/37 MP: 6/8
  3150 | D:3      | Found a shimmering altar of Xom.
  3189 | D:3      | Noticed Sigmund
  3204 | D:3      | Noticed Jessica
  3234 | D:3      | Killed Jessica
  3237 | D:3      | Slain by Sigmund

Illustrated notes

Levels and vault maps discovered:
D:1:      matt_arrival_diagonals, layout_loops_ring, minmay_circled_x
D:2:      layout_basic, nemelex_xobeh_ov_fountains_minmay, first_ration,
          kennysheep_generic_room_7, uniq_natasha
D:3:      layout_loops_ring, marbit_many_paths,
          nicolae_overflow_quartered_altars, uniq_ijyb, uniq_jessica,
          uniq_sigmund

Skill      XL: |  1  2  3  4 |
---------------+-------------+-----
Unarmed Combat | 3 4 5 |  5.6
Fighting       | |  1.0
Dodging        | |  1.7
Spellcasting   | |  2.0
Transmutations | |  1.7

Action                   |  1- 3 |  4- 6 || total
-------------------------+-------+-------++-------
Melee: Unarmed           |   116 |    83 ||   199
       Headbutt          |     8 |    10 ||    18
       Kick              |     6 |     2 ||     8
Throw: Javelin           |       |     5 ||     5
 Cast: Beastly Appendage |    12 |     5 ||    17
       Sticks to Snakes  |       |     3 ||     3
 Stab: Sleeping          |     1 |       ||     1
  Eat: Chunk             |     3 |     5 ||     8
Armor: Robe              |    36 |    19 ||    55
Dodge: Dodged            |    94 |    54 ||   148
